 Dungeon Crawl Stone Soup version 0.28.0-53-g5a82cb258f (webtiles) character file.

Game seed: 17932305831066767240

213 Eitelfritz the Covert (level 6, -2/36 HPs)
             Began as a Kobold Brigand on June 6, 2022.
             Slain by a gnoll
             ... wielding a +0 flail
              (11 damage)
             ... on level 4 of the Dungeon.
             The game lasted 00:07:21 (4523 turns).

Eitelfritz the Covert (Kobold Brigand)              Turns: 4523, Time: 00:07:21

Health: -2/36      AC:  5    Str:  8    XL:     6   Next: 14%
Magic:  6/6        EV: 14    Int: 13    God:
Gold:   143        SH:  0    Dex: 18    Spells: 5/5 levels left

rFire   . . .      SeeInvis .   a - +0 dagger (freeze)
rCold   . . .      Faith    .   (no shield)
rNeg    . . .      Spirit   .   u - +0 leather armour
rPois   .          Reflect  .   o - +0 helmet
rElec   .          Harm     .   c - +0 cloak
rCorr   .          Rampage  .   (no gloves)
Will    .....                   (no boots)
Stlth   +++++.....              (no amulet)
HPRegen 0.12/turn               (no ring)
MPRegen 0.10/turn               (no ring)

@: no status effects
A: small, no large weapons, nightstalker 3
a: no special abilities


You were on level 4 of the Dungeon.
You visited 1 branch of the dungeon, and saw 4 of its levels.

You collected 143 gold pieces.

Inventory:

Hand Weapons
 a - a +0 dagger of freezing (weapon)
 l - a +2 dagger
Missiles
 d - 12 poisoned darts
 e - 2 curare-tipped darts
 q - 4 boomerangs (quivered)
Armour
 c - a +0 cloak (worn)
 o - a +0 helmet (worn)
 u - a +0 leather armour (worn)
Jewellery
 i - an amulet of regeneration
 p - a +6 ring of intelligence
Wands
 m - a wand of iceblast (12)
Scrolls
 f - 3 scrolls of identify {unknown}
 j - a scroll of teleportation {unknown}
 k - a scroll of holy word {unknown}
 r - a scroll of blinking {unknown}
 t - a scroll of enchant weapon {unknown}
Potions
 g - a potion of flight {unknown}
 h - 2 potions of curing {unknown}
 n - a potion of attraction {unknown}
 s - a potion of resistance {unknown}


   Skills:
 + Level 2.6 Fighting
 + Level 4.3 Short Blades
 + Level 2.2 Throwing
 + Level 2.3 Dodging
 + Level 8.2 Stealth


You had 5 spell levels left.
You didn't know any spells.
Your spell library contained the following spells:

 Spells                   Type           Power      Damage    Failure   Level
 Ignite Poison            Fire/Tmut/Pois 0%         N/A       80%         3
 Mephitic Cloud           Conj/Pois/Air  0%         N/A       80%         3
 Freezing Cloud           Conj/Ice/Air   0%         6-21      100%        5


Dungeon Overview and Level Annotations

Branches:
Dungeon (4/15)
 Temple: D:4-7

Altars:


Innate Abilities, Weirdness & Mutations

You are small and have problems with some larger weapons.
You are completely attuned to the shadows.


Message History

You hit the gnoll but do no damage.
The gnoll is almost dead.
You hit the gnoll. You freeze the gnoll.
You kill the gnoll!
You hit the gnoll. You freeze the gnoll.
The gnoll is lightly wounded.
The gnoll closely misses you.
You hit the gnoll but do no damage.
The gnoll is lightly wounded.
The gnoll hits you with a +0 flail.
You hit the gnoll but do no damage.
The gnoll is lightly wounded.
You hit the gnoll. You freeze the gnoll.
The gnoll is moderately wounded.
The gnoll closely misses you.
You hit the gnoll but do no damage.
The gnoll is moderately wounded.
The gnoll hits you with a +0 flail!
* * * LOW HITPOINT WARNING * * *
You closely miss the gnoll.
The gnoll is moderately wounded.
The gnoll closely misses you.
You see here 19 arrows.
There is an open door here.
There is a stone staircase leading up here.
You completely miss the gnoll. You hit the gnoll but do no damage.
The gnoll barely misses you.
You barely miss the gnoll. The gnoll closely misses you.
You closely miss the gnoll. The gnoll hits you with a +0 flail.
You closely miss the gnoll. You closely miss the gnoll.
The gnoll hits you with a +0 flail!
* * * LOW HITPOINT WARNING * * *
You barely miss the gnoll. The gnoll barely misses you.
You hit the gnoll but do no damage. The gnoll closely misses you.
You barely miss the gnoll. The gnoll closely misses you.
You hit the gnoll but do no damage. You hit the gnoll. You freeze the gnoll.
The gnoll is lightly wounded.
The gnoll hits you with a +0 flail!
You die...

#.# #.# #.# #.#
#.# ###
#.#########.#
#...........#
###########.#
#........@#.#.#
#.........g...#
###############


You could see a gnoll.

Vanquished Creatures
  A hound (D:4)
  A bullfrog skeleton (D:4)
  Robin (D:2)
  2 gnolls (D:4)
  4 adders
  A dart slug (D:3)
  An orc (D:3)
  12 ball pythons
  9 bats
  6 endoplasms
  2 giant cockroaches
  9 goblins
  10 hobgoblins
  9 kobolds
  2 quokkas
  8 frilled lizards
  3 rats
81 creatures vanquished.

Vanquished Creatures (others)
  6 fungi (D:4)
6 creatures vanquished.

Grand Total: 87 creatures vanquished

Notes
Turn   | Place    | Note
-------+----------+-------------------------------------------
     0 | D:1      | Eitelfritz the Kobold Brigand began the quest for the Orb.
     0 | D:1      | Reached XP level 1. HP: 12/12 MP: 1/1
   356 | D:1      | Reached XP level 2. HP: 17/17 MP: 2/2
   398 | D:1      | Reached skill level 6 in Stealth
   418 | D:1      | Found a faded altar of an unknown god.
   750 | D:1      | Reached XP level 3. HP: 21/21 MP: 3/3
  1216 | D:2      | Reached XP level 4. HP: 18/26 MP: 4/4
  1498 | D:2      | Reached skill level 7 in Stealth
  1583 | D:2      | Noticed Robin
  2253 | D:2      | HP: 1/26 [Robin/+0 spear (2)]
  2254 | D:2      | Killed Robin
  3087 | D:2      | Reached XP level 5. HP: 31/31 MP: 5/5
  4213 | D:4      | Reached skill level 8 in Stealth
  4213 | D:4      | Reached XP level 6. HP: 17/36 MP: 6/6
  4523 | D:4      | Slain by a gnoll

Illustrated notes

Levels and vault maps discovered:
D:1:      dpeg_arrival_short_road, layout_loops_cross,
          shapermc_ecumenical_altar_mp_ritualfount, patterned_corridor
D:2:      layout_loops_ring, uniq_robin
D:3:      layout_loops_corners
D:4:      layout_basic, nicolae_overflow_quartered_altars, serial_aquarium,
          aquarium_bridge_straight [aquarium_subvault_bridge,
          aquarium_subvault_wall, aquarium_subvault_bridge,
          aquarium_subvault_wall], aquarium_window_3, aquarium_window_1,
          aquarium_view_2c, aquarium_pool_corner, kennysheep_generic_room_12,
          uniq_natasha, uniq_menkaure, uniq_pikel

Skill      XL: |  1  2  3  4  5 |
---------------+----------------+-----
Stealth        | 6 7 8 |  8.2
Short Blades   | 3 4 |  4.3
Dodging        | 2 |  2.3
Fighting       | |  2.6
Throwing       | |  2.2

Action                   |  1- 3 |  4- 6 || total
-------------------------+-------+-------++-------
Melee: Dagger            |    62 |   217 ||   279
 Stab: Sleeping          |    20 |    24 ||    44
Armor: Robe              |     5 |    35 ||    40
Dodge: Dodged            |    30 |   108 ||   138
